 Dungeon Sprint DCSS version 0.28-a0-1395-g4f6bc678fa (webtiles) character file.

Game seed: 18285714974684083322

3200000 HallandMoats the Conqueror (level 19, -1/207 HPs)
             Began as a Ghoul Monk on Jan 5, 2022.
             Was the Champion of Makhleb.
             Slain by an eight-headed meat hydra (6 damage)
             ... in the Dungeon (Sprint VIII: "Arena of Blood").
             The game lasted 00:01:36 (32 turns).

HallandMoats the Conqueror (Ghoul Monk)               Turns: 32, Time: 00:01:37

Health: -1/207     AC:  2    Str: 23    XL:     19   Next: 96%
Magic:  17/31      EV: 23    Int:  5    God:    Makhleb [******]
Gold:   0          SH:  0    Dex: 11    Spells: 36/36 levels left

rFire   . . .      SeeInvis .   h - +∞ Axe of Woe
rCold   + . .      Faith    .   (shield currently unavailable)
rNeg    + + +      Spirit   .   b - +0 robe
rPois   ∞          Reflect  .   (no helmet)
rElec   .          Harm     .   (no cloak)
rCorr   .          Rampage  .   (no gloves)
Will    +....      NoTele   +   (no boots)
Stlth   +++++.....              (no amulet)
HPRegen 0.00/turn               (no ring)
MPRegen 0.22/turn               (no ring)

@: inhibited regen
A: claws 1, cold resistance 1, negative energy resistance 3, inhibited
regeneration, torment resistance 2
a: Renounce Religion, Minor Destruction, Lesser Servant of Makhleb, Major
Destruction, Greater Servant of Makhleb


You were in the Dungeon.
You worshipped Makhleb.
Makhleb was exalted by your worship.
You visited 1 branch

Inventory:

Hand Weapons
 a - a +0 hand axe
 h - the +∞ Axe of Woe (weapon)
   (You found it in the Dungeon)
Armour
 b - a +0 robe (worn)
Scrolls
 g - a scroll of blinking
Potions
 c - a potion of curing
 d - a potion of heal wounds
 e - a potion of haste
 f - 2 potions of magic


   Skills:
 O Level 27 Fighting
 + Level 10.0(11.7) Short Blades
 + Level 10.0(11.7) Long Blades
 O Level 27 Axes
 + Level 10.0 Staves
 + Level 10.0(11.7) Slings
 + Level 10.0 Bows
 + Level 10.0 Crossbows
 + Level 10.0(11.7) Throwing
 + Level 10.0 Armour
 O Level 27 Dodging
 + Level 13.0 Stealth
 + Level 10.0 Shields
 + Level 11.8 Unarmed Combat
 + Level 9.1 Spellcasting
 + Level 9.1 Conjurations
 + Level 9.1 Hexes
 + Level 10.0 Summonings
 + Level 10.8 Necromancy
 + Level 10.0 Translocations
 + Level 10.0 Transmutations
 + Level 9.1 Fire Magic
 + Level 11.8 Ice Magic
 + Level 9.1 Air Magic
 + Level 11.8 Earth Magic
 + Level 10.8 Poison Magic
 + Level 11.8 Invocations
 + Level 10.0 Evocations


You had 36 spell levels left.
You didn't know any spells.
Your spell library was empty.

Dungeon Overview and Level Annotations

Branches:
Dungeon (1/1)

Altars:
Makhleb

Annotations:
D The Servant


Innate Abilities, Weirdness & Mutations

You thrive by killing the living.
You are immune to poison.
You have sharp fingernails.
Your flesh is cold resistant. (rC+)
You are immune to negative energy. (rN+++)
You do not regenerate when monsters are visible.
You are immune to unholy pain and torment.


Message History

The Servant appears out of thin air!
Harold the Weathered comes into view.
He is wielding a +9 glaive of flaming.
You hear a shout! x7
Things that are here:
a +9 war axe; a +30 ring of slaying; a bag of meat corpse Unknown command.
Found a ring of see invisible.
You hear a shout! x6
The Servant shouts!
The eight-headed meat hydra roars!
You hear a shout! x7
The large bag of meat is engulfed in blazing flames.
You hear a shout!
The bag of meat hits you with a +9 war axe!!!
The Servant hits you from afar with a +9 glaive of flaming!!!!
The Servant burns you!
* * * LOW HITPOINT WARNING * * *
Unknown command.
You hear a shout! x3
The bag of meat is engulfed in blazing flames.
You hear a shout! x7
The Servant closely misses you.
The bag of meat is engulfed in blazing flames.
The bag of meat hits you with a +9 war axe!!
* * * LOW HITPOINT WARNING * * *
You hear a shout!
A sculptor of flesh comes into view. It is wielding a +9 great sword.
You hear a shout! x5
The destroyer is engulfed in blazing flames.
You hear a shout! x6
The Servant misses you.
You hear a shout!
The bag of meat is engulfed in blazing flames.
The eight-headed meat hydra bites you.
* * * LOW HITPOINT WARNING * * *
The eight-headed meat hydra bites you!
* * * LOW HITPOINT WARNING * * *
The eight-headed meat hydra closely misses you.
The eight-headed meat hydra misses you. The eight-headed meat hydra bites you!
* * * LOW HITPOINT WARNING * * *
The eight-headed meat hydra bites you.
You die...

......#)))....#...
......#)).....#....
......).)..........
#.....))).........
........)§§§.....#
#.......)o)VO..##
.....#...O§§..#.. .
.......o.O.o..#...#
....##.#.O.@......z
...........@D......
# #....#.....####.
..............
................
##.......=.......#
#################


You could see The Servant, an eight-headed meat hydra, a destroyer, a sculptor
of flesh, 4 large bags of meat and 3 bags of meat.

Vanquished Creatures
  A vampire knight (D)
  9 ogres (D)
  A two-headed ogre (D)
  18 orcs (D)
29 creatures vanquished.

Notes
Turn   | Place    | Note
-------+----------+-------------------------------------------
     0 | D        | Found the +∞ Axe of Woe
     0 | D        | HallandMoats the Ghoul Monk began the quest for the Orb.
     0 | D        | Reached XP level 1. HP: 19/19 MP: 0/0
     3 | D        | Noticed a bag of meat
     4 | D        | Became a worshipper of Makhleb the Destroyer
     4 | D        | Reached * piety under Makhleb
     4 | D        | Reached ** piety under Makhleb
     5 | D        | Noticed a bag of meat
     6 | D        | Noticed a bag of meat
     7 | D        | Noticed a bag of meat
     7 | D        | Noticed a bag of meat
     8 | D        | Killed a bag of meat
     8 | D        | Noticed a bag of meat
     8 | D        | Noticed a meat berserker
     8 | D        | Noticed a bag of meat
     8 | D        | Noticed a meat berserker
     9 | D        | Reached XP level 2. HP: 50/50 MP: 1/1
     9 | D        | Reached XP level 3. HP: 57/57 MP: 2/2
     9 | D        | Reached XP level 4. HP: 64/64 MP: 3/3
     9 | D        | Reached XP level 5. HP: 71/71 MP: 4/4
     9 | D        | Reached XP level 6. HP: 80/80 MP: 5/5
     9 | D        | Reached XP level 7. HP: 86/86 MP: 6/6
     9 | D        | Reached XP level 8. HP: 94/94 MP: 7/7
     9 | D        | Reached XP level 9. HP: 101/101 MP: 8/8
     9 | D        | Reached XP level 10. HP: 108/108 MP: 9/9
     9 | D        | Reached XP level 11. HP: 116/116 MP: 10/10
     9 | D        | Killed a bag of meat
     9 | D        | Noticed a meat berserker
    10 | D        | Reached XP level 12. HP: 130/130 MP: 11/11
    10 | D        | Killed a bag of meat
    10 | D        | Noticed a bag of meat
    10 | D        | Noticed a meat berserker
    11 | D        | Noticed a bag of meat
    11 | D        | Noticed a bag of meat
    11 | D        | Noticed a bag of meat
    11 | D        | Noticed a bag of meat
    12 | D        | Noticed a bag of meat
    12 | D        | Noticed a bag of meat
    12 | D        | Noticed a bag of meat
    12 | D        | Noticed a bag of meat
    13 | D        | Killed a bag of meat
    13 | D        | Reached *** piety under Makhleb
    14 | D        | Reached XP level 13. HP: 70/145 MP: 12/12
    14 | D        | Killed a meat berserker
    14 | D        | Killed a bag of meat
    14 | D        | Killed a meat berserker
    14 | D        | Reached **** piety under Makhleb
    14 | D        | Killed a bag of meat
    14 | D        | Noticed a meat berserker
    15 | D        | Reached XP level 14. HP: 63/166 MP: 13/13
    15 | D        | Reached XP level 15. HP: 66/173 MP: 14/14
    15 | D        | Killed a meat berserker
    15 | D        | Killed a meat berserker
    15 | D        | Reached ***** piety under Makhleb
    16 | D        | Reached skill level 27 in Fighting
    16 | D        | Reached XP level 16. HP: 165/183 MP: 15/15
    16 | D        | Noticed a meat berserker
    16 | D        | Noticed a meat berserker
    16 | D        | Noticed a meat berserker
    17 | D        | Killed a meat berserker
    17 | D        | Noticed a meat berserker
    18 | D        | Reached skill level 27 in Axes
    18 | D        | Reached skill level 27 in Dodging
    18 | D        | Reached skill level 5 in Stealth
    18 | D        | Reached XP level 17. HP: 191/191 MP: 15/21
    18 | D        | Killed a meat berserker
    19 | D        | Reached skill level 5 in Short Blades
    19 | D        | Reached skill level 5 in Long Blades
    19 | D        | Reached skill level 5 in Staves
    19 | D        | Reached skill level 5 in Slings
    19 | D        | Reached skill level 5 in Bows
    19 | D        | Reached skill level 5 in Crossbows
    19 | D        | Reached skill level 5 in Throwing
    19 | D        | Reached skill level 5 in Armour
    19 | D        | Reached skill level 5 in Shields
    19 | D        | Reached skill level 5 in Summonings
    19 | D        | Reached skill level 5 in Necromancy
    19 | D        | Reached skill level 5 in Translocations
    19 | D        | Reached skill level 5 in Transmutations
    19 | D        | Reached skill level 5 in Poison Magic
    19 | D        | Reached skill level 5 in Evocations
    19 | D        | Reached ****** piety under Makhleb
    19 | D        | Noticed a large bag of meat
    20 | D        | Reached skill level 5 in Spellcasting
    20 | D        | Reached skill level 5 in Conjurations
    20 | D        | Reached skill level 5 in Hexes
    20 | D        | Reached skill level 5 in Fire Magic
    20 | D        | Reached skill level 5 in Air Magic
    21 | D        | Reached XP level 18. HP: 200/200 MP: 15/25
    21 | D        | Killed a meat berserker
    21 | D        | Noticed a large bag of meat
    22 | D        | Killed a meat berserker
    23 | D        | Reached skill level 10 in Stealth
    23 | D        | Killed a meat berserker
    24 | D        | Reached XP level 19. HP: 207/207 MP: 15/29
    25 | D        | Reached skill level 10 in Unarmed Combat
    25 | D        | Reached skill level 10 in Ice Magic
    25 | D        | Reached skill level 10 in Earth Magic
    25 | D        | Reached skill level 10 in Invocations
    25 | D        | Noticed a large bag of meat
    26 | D        | Noticed a destroyer
    26 | D        | Noticed a large bag of meat
    27 | D        | Noticed a destroyer
    27 | D        | Killed a large bag of meat
    27 | D        | Killed a destroyer
    27 | D        | Noticed a large bag of meat
    28 | D        | Reached skill level 10 in Short Blades
    28 | D        | Reached skill level 10 in Long Blades
    28 | D        | Reached skill level 10 in Staves
    28 | D        | Reached skill level 10 in Slings
    28 | D        | Reached skill level 10 in Bows
    28 | D        | Reached skill level 10 in Crossbows
    28 | D        | Reached skill level 10 in Throwing
    28 | D        | Reached skill level 10 in Armour
    28 | D        | Reached skill level 10 in Shields
    28 | D        | Reached skill level 10 in Summonings
    28 | D        | Reached skill level 10 in Necromancy
    28 | D        | Reached skill level 10 in Translocations
    28 | D        | Reached skill level 10 in Transmutations
    28 | D        | Reached skill level 10 in Poison Magic
    28 | D        | Reached skill level 10 in Evocations
    29 | D        | Noticed an eight-headed meat hydra
    29 | D        | Noticed The Servant
    32 | D        | Noticed a sculptor of flesh
    32 | D        | HP: 5/207 [eight-headed meat hydra (14)]
    32 | D        | Slain by an eight-headed meat hydra

Illustrated notes

Levels and vault maps discovered:
D:        meatsprint

Skill      XL: |  1  2  3  4  5  6  7  8  9 10 11 12 13 14 15 16 17 18 19 |
---------------+----------------------------------------------------------+-----
Fighting       | 16 19 21 26 27 | 27.0
Axes           | 14 16 18 22 25 27 | 27.0
Dodging        | 14 16 18 22 25 27 | 27.0
Short Blades   | 3 6 8 10 | 10.0
Long Blades    | 3 6 8 10 | 10.0
Staves         | 3 6 8 10 | 10.0
Slings         | 3 6 8 10 | 10.0
Bows           | 3 6 8 10 | 10.0
Crossbows      | 3 6 8 10 | 10.0
Throwing       | 3 6 8 10 | 10.0
Armour         | 3 6 8 10 | 10.0
Stealth        | 5 8 11 13 | 13.0
Shields        | 3 6 8 10 | 10.0
Unarmed Combat | 4 7 9 11 | 11.8
Spellcasting   | 3 5 7 9 |  9.1
Conjurations   | 3 5 7 9 |  9.1
Hexes          | 3 5 7 9 |  9.1
Summonings     | 3 6 8 10 | 10.0
Necromancy     | 4 6 9 10 | 10.8
Translocations | 3 6 8 10 | 10.0
Transmutations | 3 6 8 10 | 10.0
Fire Magic     | 3 5 7 9 |  9.1
Ice Magic      | 4 7 9 11 | 11.8
Air Magic      | 3 5 7 9 |  9.1
Earth Magic    | 4 7 9 11 | 11.8
Poison Magic   | 4 6 9 10 | 10.8
Invocations    | 4 7 9 11 | 11.8
Evocations     | 4 6 8 10 | 10.0

Action                   |  1- 3 |  4- 6 |  7- 9 | 10-12 | 13-15 | 16-18 | 19-21 || total
-------------------------+-------+-------+-------+-------+-------+-------+-------++-------
Melee: Executioner's axe |     1 |       |       |     3 |     2 |     7 |     2 ||    15
Dodge: Dodged            |       |       |       |       |     1 |       |     4 ||     5

Table legend: (Time is in decaauts)
 A = Elapsed time spent in this place.
 B = Non-inter-level travel time spent in this place.
 C = Inter-level travel time spent in this place.
 D = Time resting spent in this place.
 E = Time spent auto-exploring this place.
 F = Levels seen in this place.
 G = Mean time per level.
                   A        B        C        D        E       F      G
               +--------+--------+--------+--------+--------+-----+--------+
         Total |     29 |     29 |      0 |      0 |      0 |   1 |   29.0 |
       Dungeon |     29 |     29 |      0 |      0 |      0 |   1 |   29.0 |
               +--------+--------+--------+--------+--------+-----+--------+

Top non-repeatable levels by time:
       D: 29 daAuts
